[Event "NJSK 2022 Jeugd C"]
[Site "Almelo, Netherlands"]
[Date "2022.05.05"]
[Round "7.7"]
[White "Kurt, Sascha"]
[Black "Lopes, Samuel"]
[Result "1-0"]
[TimeControl "90min + 30sec/move"]
[WhiteElo "1834"]
[BlackElo "1600"]

1. e4 c5 2. Nf3 e6 3. d4 cxd4 4. Nxd4 a6 5. Bd3 Bc5 6. Nb3 Ba7 7. O-O Nc6 8. c4 d6 9. Nc3 Nf6 10.
Kh1 Ne5 11. Be2 Qc7 12. Nd2 h5 13. Nf3 Neg4 14. Qe1 Nxf2+ 15. Rxf2 Bxf2 16. Qxf2 Ng4 17. Qg1 Bd7 18. Nd4 Qb6 19. Bxg4 hxg4 20. Nde2 Qxg1+ 21. Kxg1 Rc8 22. b3 Ke7 23. Ba3 b5 24. cxb5 Bxb5 25. Nxb5 axb5 26. e5 Kd7 27. exd6 Rh7 28. Nd4 Rb8 29. Bb4 Rh4 30. g3 Rh5 31.
a4 bxa4 32. Rxa4 Rb7 33. Ba3 Rd5 34. Rc4 e5 35. Nf5 Rxb3 36. Rc7+ Kd8 37. Ne7 Rd1+ 38. Kf2 Rxa3 39. Nc6+ Ke8 40.
d7+ Rxd7 41. Rc8+ Rd8 42. Rxd8# 1-0

[Event "NJSK 2022 Jeugd C"]
[Site "Almelo, Netherlands"]
[Date "2022.05.05"]
[Round "7.8"]
[White "Krylov, Philippe"]
[Black "Zecha, Oscar"]
[Result "0-1"]
[TimeControl "90min + 30sec/move"]
[WhiteElo "1817"]
[BlackElo "1826"]

1. c4 Nf6 2. Nc3 e6 3. d4 Bb4 4. e3 O-O 5. Nge2 d5 6. a3 Be7 7. cxd5 exd5 8. g3 b6 9. Bg2 Bb7 10.
Nf4 Re8 11. O-O a5 12. Qb3 c6 13. Bd2 Nbd7 14. Rfe1 h6 15. f3 Rc8 16. e4 Nf8 17. e5 N6d7 18. Bh3 Bg5 19. e6 fxe6 20.
Bxe6+ Nxe6 21. Rxe6 Rxe6 22. Nxe6 Qf6 23. Nxg5 Qxd4+ 24. Kh1 Qxd2 25. Nge4 Qe3 26. Kg2 Ba6 27. Nf2 Ne5 28. f4 Qf3+ 29.
Kg1 Nc4 30. Qd1 Qxd1+ 31. Nfxd1 Re8 32. b3 Ne3 33. Nf2 Nc2 34. Ra2 Nd4 35. Ra1 Nxb3 36. Rb1 Nd2 37. Rd1 Nc4 38. a4 Re3 39. Rd3 Re1+ 40. Kg2 Ne3+ 41.
Kf3 Bxd3 42. Nxd3 Ra1 43. Kxe3 Ra3 44. Kd2 d4 45. Ne4 Rxa4 46. Ne5 c5 47. Kd3 Ra2 48. h3 a4 49. Nc4 a3 50.
Ned6 Rb2 51. Nxa3 Rb3+ 52. Kc4 Rxa3 53. Nc8 d3 54. Kd4 0-1

[Event "NJSK 2022 Jeugd C"]
[Site "Almelo, Netherlands"]
[Date "2022.05.05"]
[Round "7.9"]
[White "Arnold, Rhys"]
[Black "Folkers, Sono"]
[Result "1-0"]
[TimeControl "90min + 30sec/move"]
[WhiteElo "1846"]
[BlackElo "1519"]

1. e4 e6 2. d4 d5 3. Nc3 Bb4 4.
Nge2 dxe4 5. a3 Bxc3+ 6. Nxc3 f5 7. Bc4 Nf6 8. Bg5 h6 9. Bxf6 Qxf6 10. d5 O-O 11. O-O Rd8 12. Qe2 c6 13.
dxe6 Bxe6 14. Rad1 Nd7 15. f3 Ne5 16. Bxe6+ Qxe6 17. fxe4 fxe4 18. Qxe4 Re8 19. Rfe1 Qc4 20. Kh1 h5 21.
h3 Qf7 22. Rf1 Qc7 23. Qh4 g6 24. Ne4 Rf8 25. Nf6+ Kh8 26. Qg5 Rf7 27. Qh6+ Rh7 28. Nxh7 Qxh7 29. Qxh7+ Kxh7 30. b3 Kg7 31.
Rfe1 Kf6 32. Rd6+ Ke7 33. Rd4 Re8 34. Rxe5+ 1-0

[Event "NJSK 2022 Jeugd C"]
[Site "Almelo, Netherlands"]
[Date "2022.05.05"]
[Round "7.10"]
[White "Terlouw, Wouter"]
[Black "Bosma, Jonathan"]
[Result "1-0"]
[TimeControl "90min + 30sec/move"]
[WhiteElo "1578"]
[BlackElo "884"]

1. d4 Nf6 2. c4 e6 3. Nf3 c5 4. d5 d6 5. Nc3 g6 6. e4 Qc7 7. Bd3 Bg7 8. Bf4 Nh5 9. Be3 Qa5 10.
Bd2 a6 11. O-O O-O 12. Re1 Nd7 13. Nb5 Qb6 14. Qa4 a5 15. Bc3 Bxc3 16. bxc3 e5 17. Qc2 Ng7 18. Qd2 f5 19. Rab1 f4 20.
Ng5 Nf6 21. g3 h6 22. Nf3 g5 23. h4 Nh7 24. hxg5 hxg5 25. Nbd4 Qc7 26. Nf5 Nxf5 27. exf5 Bxf5 28. Bxf5 Rxf5 29.
g4 Rf6 30. Qb2 Rb8 31. Nd2 Rg6 32. Qb6 Qd7 33. f3 Nf6 34. Qxa5 Rh6 35. Qa7 Qc8 36. Re2 Rh3 37. Rb6 Rg3+ 38.
Kf2 Qc7 39. Re1 Kg7 40. Reb1 Kg6 41. Rxb7 Rxb7 42. Rxb7 Qc8 43. Rg7+ Kh6 44. Qf7 Nxg4+ 45. fxg4 Rg2+ 46. Ke1 Rg1+ 47.
Nf1 Rxf1+ 48. Kxf1 Qf5 1-0

[Event "NJSK 2022 Jeugd C"]
[Site "Almelo, Netherlands"]
[Date "2022.05.05"]
[Round "7.11"]
[White "Venema, Maxime"]
[Black "Kumar, Prayan Sai"]
[Result "1-0"]
[TimeControl "90min + 30sec/move"]
[WhiteElo "1614"]
[BlackElo "1562"]

1. d4 Nf6 2. c4 e6 3. Nc3 Bb4 4. Qc2 O-O 5. Bg5 c5 6. dxc5 Bxc5 7. e3 b6 8. Nf3 Bb7 9. Be2 Nc6 10.
a3 Be7 11. O-O h6 12. Bf4 Rc8 13. b4 Nh5 14. Bg3 Nxg3 15. hxg3 Bf6 16. Rad1 Qe7 17. Ne4 Rfd8 18. Nd6 Rb8 19.
Rd2 Ne5 20. Nxe5 Bxe5 21. Nxb7 Rxb7 22. Qe4 Bc3 23. Rc2 d5 24. cxd5 Rc7 25. dxe6 fxe6 26. Bc4 Bf6 27. Bxe6+ Kh8 28.
Rxc7 Qxc7 29. Qg6 Qc3 30. Bf5 Kg8 31. g4 a5 32. bxa5 bxa5 33. Rb1 Qc7 34. Be4 a4 35. g3 Rb8 36.
Qh7+ Kf7 37. Bd5+ Ke7 38. Qe4+ Kf8 39. Rxb8+ Qxb8 40. Bc6 1-0

[Event "NJSK 2022 Jeugd C"]
[Site "Almelo, Netherlands"]
[Date "2022.05.05"]
[Round "7.12"]
[White "Franco, Hugo"]
[Black "Mohebbinezhad, Parsa"]
[Result "0-1"]
[TimeControl "90min + 30sec/move"]
[WhiteElo "1441"]
[BlackElo "1600"]

1. e4 c6 2. d4 d5 3. e5 Bf5 4. Nf3 e6 5. c3 c5 6. Bb5+ Nc6 7. Be3 Qb6 8. Bxc6+ bxc6 9. b3 a5 10.
O-O Bg4 11. Nbd2 cxd4 12. cxd4 Ne7 13. Qc2 Bxf3 14. Nxf3 Nf5 15. Rac1 Rc8 16. g4 Nxe3 17. fxe3 Ba3 18. Ng5 Bxc1 19.
Nxf7 Bxe3+ 20. Kg2 O-O 21. Nd6 Rxf1 22. Nxc8 Rg1+ 23. Kh3 Qxd4 24. Qe2 Qf4 0-1

[Event "NJSK 2022 Jeugd C"]
[Site "Almelo, Netherlands"]
[Date "2022.05.06"]
[Round "8.1"]
[White "Kumar, Prajit Sai"]
[Black "De Winter, Arthur"]
[Result "1/2-1/2"]
[TimeControl "90min + 30sec/move"]
[WhiteElo "2042"]
[BlackElo "2138"]

1. d4 Nf6 2. Nf3 g6 3. Bg5 Bg7 4.
Nbd2 O-O 5. e3 d6 6. Bc4 Nbd7 7. O-O c6 8. Re1 Qc7 9. c3 e5 10. dxe5 dxe5 11. e4 Nc5 12. Qc2 Ne6 13.
Bh4 Nf4 14. Bf1 Be6 15. Nc4 Ne8 16. Bg3 f6 17. Nfd2 Nh5 18. a4 Nxg3 19. hxg3 Rd8 20. b4 Kh8 21. Rad1 f5 22. exf5 gxf5 23.
Nf3 e4 24. Ng5 Bg8 25. Nh3 Nf6 26. Ne3 Nd5 27. g4 Nxe3 28. fxe3 Rxd1 29. Rxd1 Qg3 30. Qf2 Qxf2+ 31. Nxf2 Bxc3 32.
gxf5 Rxf5 33. Nxe4 Bxb4 34. Rd7 Rf7 35. Rd8 Rf8 36. Rd7 Rf7 37. Rd8 Rf8 38. Rd7 1/2-1/2

[Event "NJSK 2022 Jeugd C"]
[Site "Almelo, Netherlands"]
[Date "2022.05.06"]
[Round "8.2"]
[White "Ponomarev, Ivan"]
[Black "Van Batenburg, Mees"]
[Result "0-1"]
[TimeControl "90min + 30sec/move"]
[WhiteElo "1744"]
[BlackElo "1713"]

1. e4 c5 2. Nf3 Nc6 3. Bb5 g6 4. O-O Bg7 5. c3 e5 6. d4 cxd4 7. cxd4 exd4 8. Bf4 a6 9. Ba4 Nge7 10.
Bd6 b5 11. Bb3 Bb7 12. Ng5 O-O 13. f4 h6 14. Nxf7 Rxf7 15. f5 gxf5 16. exf5 Bf6 17. Qg4+ Kf8 18. Bxf7 Kxf7 19. Qh5+ Kg7 20.
Rf3 Qe8 21. Rg3+ Kh7 22. Qh3 Nc8 23. Bf4 Qe1# 0-1

[Event "NJSK 2022 Jeugd C"]
[Site "Almelo, Netherlands"]
[Date "2022.05.06"]
[Round "8.3"]
[White "Van Arendonk, Polle"]
[Black "Madularea, David"]
[Result "1-0"]
[TimeControl "90min + 30sec/move"]
[WhiteElo "1784"]
[BlackElo "1774"]

1. e4 c5 2. Nf3 d6 3. d4 cxd4 4. Nxd4 Nf6 5. Nc3 a6 6. Be3 e5 7. Nb3 Be6 8. f3 h5 9. Qd2 Nbd7 10.
Nd5 Bxd5 11. exd5 Be7 12. Be2 Rc8 13. c4 O-O 14. Na5 Qc7 15. O-O Bd8 16. b4 Qb8 17. Nb3 Re8 18. Rac1 g6 19.
c5 e4 20. f4 Be7 21. c6 Nf8 22. Na5 bxc6 23. Nxc6 Qa8 24. a4 Ng4 25. Bxg4 hxg4 26. f5 gxf5 27. Rxf5 Ng6 28. Rcf1 Rxc6 29.
dxc6 Qxc6 30. Rxf7 Ne5 31. R7f5 Bd8 32. Bd4 e3 33. Qe2 Qc4 34. Qxc4+ Nxc4 35. Re1 Re4 36. Ba7 Re7 37. Rf4 Rxa7 38.
Rxg4+ Kh7 39. Rxc4 d5 40. Rd4 Bb6 41. Rxd5 Rf7 42. Rc5 a5 43. Rxa5 Bd4 44. Re2 Rc7 45. Rc5 Rb7 46. Rc4 Ba7 47.
Re4 Rd7 48. R4xe3 Rf7 49. h3 1-0

[Event "NJSK 2022 Jeugd C"]
[Site "Almelo, Netherlands"]
[Date "2022.05.06"]
[Round "8.4"]
[White "Dekker, Thiemen"]
[Black "Smeets, Kobe"]
[Result "0-1"]
[TimeControl "90min + 30sec/move"]
[WhiteElo "1935"]
[BlackElo "1984"]

1. e4 c5 2. Nf3 e6 3. d4 cxd4 4.
Nxd4 Nc6 5. Bf4 d6 6. Nxc6 bxc6 7. c4 e5 8. Be3 Nf6 9. Bd3 Be7 10. O-O O-O 11. Nc3 Be6 12. h3 Qc7 13.
Qe2 Rab8 14. Rac1 Qb7 15. b3 Rfd8 16. f4 exf4 17. Bxf4 Nd7 18. Rfd1 Ne5 19. c5 Bf6 20. cxd6 Rxd6 21.
Na4 Rxd3 22. Rxd3 Nxd3 23. Qxd3 Rd8 24. Qf3 Qb4 25. Kh2 Bd4 26. Qg3 Qb5 27. Qg5 Qxg5 28. Bxg5 Be5+ 29. Kg1 Rd4 30.
Nc5 Bc8 31. Be3 Rd6 32. Kf2 f5 33. exf5 Bxf5 34. g4 Bg6 35. Kg1 Bb2 36. Rf1 Bf7 37. Na4 Be5 38. Nc5 Rd8 39. Rc1 Bd5 40.
Rf1 Re8 41. Nd7 Bd6 42. Bc5 Bxc5+ 43. Nxc5 Re3 44. Nd7 h6 45. Rf8+ Kh7 46. Ra8 Rxh3 47. Rxa7 Kg8 48. Ne5 Re3 49.
Ra8+ Kh7 50. Nd7 Kg6 51. Kf2 Re7 52. Nc5 Kg5 53. a4 Kxg4 54. a5 h5 55. a6 h4 56. a7 h3 0-1

[Event "NJSK 2022 Jeugd C"]
[Site "Almelo, Netherlands"]
[Date "2022.05.06"]
[Round "8.5"]
[White "Zhu, Chenwu"]
[Black "Kurt, Sascha"]
[Result "1-0"]
[TimeControl "90min + 30sec/move"]
[WhiteElo "1968"]
[BlackElo "1834"]

1. e4 c5 2. Nf3 e6 3. b3 Nf6 4. e5 Nd5 5. Bb2 Nc6 6. g3 Be7 7. Bg2 O-O 8. O-O f6 9. c4 Ndb4 10.
d4 cxd4 11. a3 Na6 12. exf6 Bxf6 13. b4 Ne7 14. Bxd4 d6 15. Bxf6 Rxf6 16. Nc3 d5 17. Qd3 b6 18. Rad1 Bb7 19.
Ng5 Rg6 20. Nh3 Nc7 21. Nf4 Rf6 22. cxd5 exd5 23. Nfxd5 Nexd5 24. Nxd5 Nxd5 25. Bxd5+ Qxd5 26. Qxd5+ Bxd5 27. Rxd5 Rf3 28.
Rd7 Rf7 29. Rfd1 Rxd7 30. Rxd7 a6 31.
f4 g6 32. Kg2 Kh8 33. Kh3 b5 34. Kg4 h6 35. h4 Rc8 36. Rd6 Kg7 37. Rxa6 Rc3 38. Rb6 Rxa3 39. Rxb5 Rb3 40. Rb7+ Kf6 41.
Rb6+ Kg7 42. h5 gxh5+ 43. Kh4 Rf3 44. b5 Rb3 45. Rb8 Kg6 46. b6 Rb1 47. Kh3 h4 48. b7 Kg7 49. Kxh4 Rb5 50.
f5 Rb4+ 51. Kh3 h5 52. f6+ Kf7 53. Rh8 1-0

[Event "NJSK 2022 Jeugd C"]
[Site "Almelo, Netherlands"]
[Date "2022.05.06"]
[Round "8.6"]
[White "Zecha, Oscar"]
[Black "Terlouw, Wouter"]
[Result "1/2-1/2"]
[TimeControl "90min + 30sec/move"]
[WhiteElo "1826"]
[BlackElo "1578"]

1. d4 Nf6 2. c4 e6 3. Nf3 b6 4. g3 Bb7 5. Bg2 c5 6. d5 exd5 7. Nh4 g6 8. Nc3 Bg7 9. Nb5 O-O 10.
Bf4 Ne8 11. Bxd5 Bxd5 12. Qxd5 Nc6 13. Qd2 Nd4 14. Nxd4 Bxd4 15. Ng2 Qe7 16. O-O d6 17. Rad1 Rd8 18. Ne3 Nc7 19. h4 Be5 20.
Bxe5 dxe5 21. Qc3 Qe6 22. b3 f6 23. Kh2 Rd4 24. Nc2 Rd6 25. Rxd6 Qxd6 26. Ne3 Rd8 27. Rd1 Qe7 28. Rxd8+ Qxd8 29.
Ng4 h5 30. Ne3 Kf7 31. Qc2 Qd4 32. Kg2 f5 33. Nf1 Na6 34. Qd2 Qxd2 35. Nxd2 Nb4 36. a4 Ke6 37. Kf3 Nc2 38. e3 e4+ 39.
Ke2 Nb4 40. f4 Nc2 41. Nf1 Kd6 42. Kd2 Nb4 43. Kc3 Kc6 44. Nd2 Nd3 45. Nf1 1/2-1/2

[Event "NJSK 2022 Jeugd C"]
[Site "Almelo, Netherlands"]
[Date "2022.05.06"]
[Round "8.7"]
[White "Fallaux, Storm"]
[Black "Arnold, Rhys"]
[Result "0-1"]
[TimeControl "90min + 30sec/move"]
[WhiteElo "1459"]
[BlackElo "1846"]

1. d4 d5 2. c4 c6 3. Nf3 Nf6 4. e3 e6 5. b3 Ne4 6. Nbd2 Bd6 7. Nxe4 dxe4 8. Nd2 f5 9. f3 Qh4+ 10.
Ke2 O-O 11. c5 Bc7 12. f4 b6 13. g3 Qf6 14. b4 a5 15. Ba3 axb4 16. Bxb4 Na6 17. a3 bxc5 18. Bxc5 Nxc5 19. dxc5 e5 20.
Bg2 exf4 21. exf4 Ba6+ 22. Kf2 Qd4+ 0-1

[Event "NJSK 2022 Jeugd C"]
[Site "Almelo, Netherlands"]
[Date "2022.05.06"]
[Round "8.8"]
[White "Kazarjan, Gachatur"]
[Black "Agarwal, Pranav"]
[Result "1-0"]
[TimeControl "90min + 30sec/move"]
[WhiteElo "1661"]
[BlackElo "1531"]

1. e4 c5 2. Nf3 a6 3. d4 cxd4 4. Nxd4 Nf6 5. Nc3 e5 6. Nf3 Bb4 7. a3 Ba5 8. b4 Bb6 9. Bg5 Qc7 10.
Qd2 Nc6 11. Bxf6 gxf6 12. Nd5 Qd8 13. Qh6 Nd4 14. Nxf6+ Ke7 15.
Nd5+ Ke8 16. Qd6 f6 17. Nxf6+ Kf7 18. Nxe5+ Kg7 19. Nh5+ Kg8 20. Ng4 1-0

[Event "NJSK 2022 Jeugd C"]
[Site "Almelo, Netherlands"]
[Date "2022.05.06"]
[Round "8.9"]
[White "Mohebbinezhad, Parsa"]
[Black "Krylov, Philippe"]
[Result "1/2-1/2"]
[TimeControl "90min + 30sec/move"]
[WhiteElo "1600"]
[BlackElo "1817"]

1. e4 e6 2. d4 d5 3. Nc3 Nf6 4. exd5 exd5 5. Bg5 Be7 6. Nf3 O-O 7. h3 h6 8. Bf4 Bf5 9. Bd3 Bxd3 10.
Qxd3 Nc6 11. a3 Bd6 12. Bxd6 Qxd6 13. O-O Rfe8 14. Rfe1 a6 15. Na4 Ne4 16. Nd2 Qf6 17. Nxe4 dxe4 18.
Rxe4 Rxe4 19. Qxe4 Qxd4 20. Qxd4 Nxd4 21. Rd1 Ne6 22. Kf1 Kf8 23. Ke2 Ke7 24. Ke3 f5 25. Rd5 g6 26. f4 Rd8 27.
Rxd8 Kxd8 28. b4 Kd7 29. g3 b5 30. Nb2 Kd6 31. Nd3 Kd5 32. Ne5 Kd6 33. Nd3 c5 34. Ne5 cxb4 35. axb4 Nf8 36. Kd4 h5 1/2-1/2

[Event "NJSK 2022 Jeugd C"]
[Site "Almelo, Netherlands"]
[Date "2022.05.06"]
[Round "8.10"]
[White "Venema, Maxime"]
[Black "Franco, Hugo"]
[Result "1-0"]
[TimeControl "90min + 30sec/move"]
[WhiteElo "1614"]
[BlackElo "1441"]

1. d4 Nf6 2. c4 e6 3. Nc3 Bb4 4. Qc2 b6 5. a3 Bxc3+ 6. Qxc3 Bb7 7. Bg5 h6 8. Bh4 d6 9. Nf3 Nbd7 10.
b4 g5 11. Bg3 Ne4 12. Qc2 Qf6 13. Rd1 Nxg3 14. hxg3 Bxf3 15. gxf3 O-O-O 16. Bg2 h5 17. Qa4 Nb8 18. c5 dxc5 19.
bxc5 b5 20. Qxb5 Rxd4 21. Rb1 Rhd8 22. Qxb8+ Kd7 23. Qb5+ Ke7 24. O-O h4 25. Qa5 hxg3 26. fxg3 Rh8 27. Qxc7+ Rd7 28. Qc6 Qd4+ 29.
Rf2 Kf6 30. Qb5 Rd5 31. Qb2 Qxb2 32. Rxb2 Rxc5 33. f4 gxf4 34. Rxf4+ Kg6 35. Rb7 Ra5 36. a4 f5 37. Rb5 Ra6 38.
a5 Re8 39. Rd4 e5 40. Rdd5 Kf6 41. Rd7 Ke6 42. Rbd5 e4 43.
e3 Rc8 44. g4 fxg4 45. Bxe4 Rc4 46. Bd3 Rc1+ 47. Kg2 Rxa5 48. Bf5+ Kf6 49. Rxa5 g3 50. Rd6+ Ke7 51. Re6+ Kf7 52.
Rxa7+ Kf8 53. Rb6 1-0

[Event "NJSK 2022 Jeugd C"]
[Site "Almelo, Netherlands"]
[Date "2022.05.06"]
[Round "8.11"]
[White "Bosma, Jonathan"]
[Black "Lopes, Samuel"]
[Result "0-1"]
[TimeControl "90min + 30sec/move"]
[WhiteElo "884"]
[BlackElo "1600"]

1. d4 Nf6 2. c4 g6 3. Nc3 Bg7 4.
Nf3 O-O 5. Bg5 h6 6. Bh4 d6 7. e3 Nbd7 8. Qc2 e5 9. Rd1 exd4 10. Nxd4 a6 11. a3 Qe8 12. Be2 Ne5 13. O-O Be6 14. Nb1 Bd7 15. Nd2 Nc6 16.
Bf3 g5 17. Bg3 h5 18. h3 g4 19. hxg4 hxg4 20. Be4 Nxd4 21. exd4 Ba4 22. b3 Nxe4 23. Nxe4 Bxb3 24. Qxb3 Qxe4 25.
Qe3 Qxe3 26. fxe3 Bh6 27. Bf4 Bxf4 28. Rxf4 f5 29. Rdf1 Rae8 30. Kf2 Re4 31. Rb1 Rxf4+ 32. exf4 b6 33. Ke3 Re8+ 34. Kd3 Kg7 35.
g3 Rh8 36. Kc3 Rh3 37. Rg1 Rh2 38. Re1 Kf7 39. Kb4 Rb2+ 40. Kc3 Ra2 41. Kb3 Rf2 42. Re3 Rf3 43. Rc3 c5 44. dxc5 bxc5 45.
Kc2 Rxc3+ 46. Kxc3 Ke6 47. a4 d5 48. a5 dxc4 49. Kxc4 Kd6 50. Kd3 Kd5 51. Kc3 c4 52. Kd2 Kd4 53. Kc2 c3 54. Kc1 Kd3 55. Kd1 Ke3 56. Kc2 Kf3 57. Kxc3 Kxg3 58. Kc4 Kxf4 59. Kc5 g3 60. Kb6 g2 61.
Kxa6 g1=Q 62. Kb7 Qg7+ 63. Kb6 Ke3 64. a6 f4 65. a7 Qg2 66. Kc5 Qa8 67. Kb6 f3 68. Ka6 f2 69. Kb6 Kd4 70.
Kb5 f1=Q+ 71. Kb4 Qb7+ 0-1

[Event "NJSK 2022 Jeugd C"]
[Site "Almelo, Netherlands"]
[Date "2022.05.06"]
[Round "8.12"]
[White "Kumar, Prayan Sai"]
[Black "Folkers, Sono"]
[Result "1-0"]
[TimeControl "90min + 30sec/move"]
[WhiteElo "1562"]
[BlackElo "1519"]

1. d4 Nf6 2. Nf3 e6 3. Bf4 c5 4. e3 d5 5. c3 Nh5 6. Bg3 Nxg3 7. hxg3 Qb6 8. Qc2 h6 9. Nbd2 Nc6 10.
Bd3 cxd4 11. cxd4 Nb4 12. Qb3 Nxd3+ 13. Qxd3 Bd7 14. a4 a5 15. O-O Bd6 16. Ne5 Bxe5 17. dxe5 O-O 18. b3 Bc6 19.
Nf3 Rfd8 20. Nd4 Rdc8 21. Rfc1 Rc7 22. Rc2 Bd7 23. Rac1 Rac8 24. g4 g6 25. f4 Kg7 26. g3 Rxc2 27.
Rxc2 Rxc2 28. Qxc2 f6 29. Qc3 fxe5 30. fxe5 Kf7 31. Qc2 Qd8 32. Nf3 g5 33. Qh7+ Ke8 34. Qh8+ Ke7 35. Qxh6 Qc7 36.
Qxg5+ Ke8 37. Qg6+ Kd8 38. Qd3 Kc8 39. g5 d4 40. exd4 Qc1+ 41. Kh2 Bc6 42. g6 Qh6+ 43. Kg2 b6 44.
Kf2 Qf8 45. Qe3 Kb7 46. Qf4 Qa3 47. g7 Qb2+ 48. Qd2 Qxb3 49. Nh4 Qd5 50. g8=Q Qh1 51. Qg7+ Ka6 52. Qd3+ b5 53. Ke3 Qg1+ 54.
Kf4 Qf2+ 55. Nf3 Qb2 56. Qgg6 Qa2 57. Qc2 Qd5 58. Qgd3 Kb6 59. Qc5+ Qxc5 60. dxc5+ Kxc5 61. axb5 Bxb5 62.
Qa3+ Kb6 63. Qd6+ Bc6 64. Qxe6 Kc5 65. Qa2 Kb4 66. e6 a4 67. e7 a3 68. g4 Be8 69. g5 Bg6 70. Ne5 Be8 71.
g6 Bxg6 72. Nxg6 Ka4 73. e8=Q+ Kb4 74. Qb8+ Kc3 75. Qab3+ Kd2 76. Qd6+ Ke1 77. Qdd1+ 1-0

[Event "NJSK 2022 Jeugd C"]
[Site "Almelo, Netherlands"]
[Date "2022.05.07"]
[Round "9.1"]
[White "De Winter, Arthur"]
[Black "Kazarjan, Gachatur"]
[Result "1-0"]
[TimeControl "90min + 30sec/move"]
[WhiteElo "2138"]
[BlackElo "1661"]

1. e4 c5 2. Nf3 Nc6 3. d4 cxd4 4. Nxd4 g6 5. c4 Bg7 6. Be3 Nf6 7. Nc3 d6 8. Be2 O-O 9. O-O Bd7 10.
h3 Nxd4 11. Bxd4 Bc6 12. Qc2 Nd7 13. Bxg7 Kxg7 14. Rad1 a5 15. Bg4 Nc5 16. e5 Qc7 17. exd6 exd6 18. Qd2 Rad8 19. Rfe1 Rfe8 20. Qf4 f6 21. Rxe8 Rxe8 22. Rxd6 Re1+ 23. Kh2 Ne6 24.
Qg3 Qf7 25. f4 Rc1 26. Bxe6 Qe7 27. f5 g5 28. Rd1 Rc2 29. Nd5 Qc5 30. Qc7+ Kh6 31. Qf7 Qd6+ 32. Kh1 Qe5 33. Qf8+ 1-0

[Event "NJSK 2022 Jeugd C"]
[Site "Almelo, Netherlands"]
[Date "2022.05.07"]
[Round "9.2"]
[White "Van Batenburg, Mees"]
[Black "Kumar, Prajit Sai"]
[Result "1/2-1/2"]
[TimeControl "90min + 30sec/move"]
[WhiteElo "1713"]
[BlackElo "2042"]

1. d4 d5 2. Nc3 Nf6 3. Bf4 a6 4. e3 Bf5 5. f3 e6 6. g4 Bg6 7. h4 h5 8. g5 Nfd7 9. Bd3 Bxd3 10.
Qxd3 c5 11. O-O-O Nc6 12. Nge2 cxd4 13. exd4 g6 14. Bg3 Nb6 15. Nf4 Ne7 16. Rhe1 Qd7 17. Nce2 Rc8 18. Qb3 Nc4 19. Nd3 Na5 20.
Qb6 Nc4 21. Qb3 1/2-1/2

[Event "NJSK 2022 Jeugd C"]
[Site "Almelo, Netherlands"]
[Date "2022.05.07"]
[Round "9.3"]
[White "Arnold, Rhys"]
[Black "Van Arendonk, Polle"]
[Result "1-0"]
[TimeControl "90min + 30sec/move"]
[WhiteElo "1846"]
[BlackElo "1784"]

1. e4 e6 2. d4 d5 3. Nc3 dxe4 4. Nxe4 Nd7 5. Nf3 Ngf6 6. Nxf6+ Nxf6 7. Bd3 c5 8. Be3 Qc7 9. c3 Be7 10.
dxc5 O-O 11. b4 e5 12. Qc2 h6 13. O-O Ng4 14. Bd2 f5 15. h3 e4 16. hxg4 exd3 17. Qxd3 fxg4 18. Nd4 Bd7 19.
g3 Bf6 20. Bf4 Qc8 21. Rfe1 Bxd4 22. Qxd4 Bc6 23. Re7 Rf7 24. Qc4 Qf5 25. Re5 Qc2 26. Rae1 Rd8 27. b5 Bf3 28. c6 bxc6 29.
bxc6 Qg6 30. c7 Rc8 31. Re7 Qh5 32. Qxf7+ Qxf7 33. Rxf7 Kxf7 34. Bd6 Bb7 35. Rb1 Ba6 36. Rb4 Ke6 37.
Ra4 Bb5 38. Rd4 Ba6 39. a4 Bb7 40. c4 h5 41. c5 g6 42. Kf1 Kd7 43. Ke1 Re8+ 44. Kd2 Kc6 45. Bf4 Rc8 46. Rb4 Ba6 47.
Bd6 Re8 48. Rb8 Rc8 49. Ke3 Kd5 50. Kf4 Ke6 51. Kg5 Kf7 52. Rb4 Bd3 53. Rf4+ Bf5 54. Rxf5+ gxf5 55. Kxf5 Re8 56. c6 a5 57.
Bf4 Rc8 58. Ke5 Ke7 59. Kd5 Ra8 60. Kc5 Ke6 61. Kb6 Kd5 62. Kb7 Re8 63. c8=Q Rxc8 64. Kxc8 Kxc6 65. Kd8 Kd5 66. Bd2 1-0

[Event "NJSK 2022 Jeugd C"]
[Site "Almelo, Netherlands"]
[Date "2022.05.07"]
[Round "9.4"]
[White "Smeets, Kobe"]
[Black "Zecha, Oscar"]
[Result "1-0"]
[TimeControl "90min + 30sec/move"]
[WhiteElo "1984"]
[BlackElo "1826"]

1. e4 e5 2. Nf3 Nc6 3. Bb5 Nf6 4. d3 Bc5 5. c3 a6 6. Ba4 h6 7. O-O O-O 8. d4 Ba7 9. Re1 d6 10.
h3 b5 11. Bc2 Bb7 12. d5 Ne7 13. Nbd2 Ng6 14. Nf1 Qe7 15. Ng3 Bc8 16. a4 Bd7 17. Nf5 Qd8 18. Nh2 Bxf5 19. exf5 Ne7 20.
Qf3 Nexd5 21. Ng4 Nxg4 22. hxg4 Nb6 23. a5 Nd7 24. g5 hxg5 25. Qg3 Nc5 26. Bxg5 f6 27. Bh6 Qd7 28. b4 Na4 29.
Bb3+ Kh8 30. Be6 Qe7 31. Bg5 g6 32. Qh4+ Qh7 33. Bxf6+ Rxf6 34. Qxf6+ Qg7 35. Qxg6 Qxg6 36. fxg6 Nxc3 37.
Rac1 Bd4 38. g4 c5 39. bxc5 dxc5 40. Kg2 Kg7 41. Rh1 Ne2 42. Rh7+ Kxg6 43. Bf5+ Kg5 44. Rch1 Kf4 45. Rf7 Nc3 46.
Bd3+ Kg5 47. Rh5+ Kxg4 48. Rh3 1-0

[Event "NJSK 2022 Jeugd C"]
[Site "Almelo, Netherlands"]
[Date "2022.05.07"]
[Round "9.5"]
[White "Madularea, David"]
[Black "Zhu, Chenwu"]
[Result "1-0"]
[TimeControl "90min + 30sec/move"]
[WhiteElo "1774"]
[BlackElo "1968"]

1. e4 e5 2. Nf3 Nc6 3. Bb5 a6 4. Ba4 Nf6 5. O-O b5 6. Bb3 Bc5 7. c3 d6 8. h3 O-O 9. Re1 Bb6 10.
d3 h6 11. Nbd2 Ne7 12. Nf1 Ng6 13. Ng3 c5 14. Bc2 Re8 15. Be3 d5 16. d4 exd4 17. cxd4 Ba5 18. Bd2 Bxd2 19. Qxd2 c4 20. e5 Nh7 21. Ne2 Nhf8 22. Nc3 Be6 23.
Re2 Qd7 24. Kh2 Rad8 25. Rf1 Bf5 26. Ne1 Bxc2 27. Nxc2 Ne6 28. f4 Nc7 29. f5 Nh8 30. Re3 Kh7 31. Rg3 Rb8 32. Rf4 f6 33.
exf6 g5 34. fxg6+ Nxg6 35. Rfg4 Rg8 36. h4 Qf5 37. h5 Qxf6 38. hxg6+ Kg7 39. Rf4 Rbf8 40. Rxf6 Rxf6 41. Qe3 Re8 42.
Qd2 a5 43. Ne3 b4 44. Ncxd5 Nxd5 45. Nxd5 Rd6 46. Qf4 Rd7 47. Qf6+ Kg8 48. Rh3 1-0

[Event "NJSK 2022 Jeugd C"]
[Site "Almelo, Netherlands"]
[Date "2022.05.07"]
[Round "9.6"]
[White "Lopes, Samuel"]
[Black "Dekker, Thiemen"]
[Result "1/2-1/2"]
[TimeControl "90min + 30sec/move"]
[WhiteElo "1600"]
[BlackElo "1935"]

1. e4 e5 2. Bc4 Nf6 3. d3 Nc6 4. Nc3 Bc5 5. f4 d6 6. Nf3 Bg4 7. h3 Bxf3 8. Qxf3 Nd4 9. Qd1 Nd7 10.
g3 exf4 11. Bxf4 Ne5 12. Bxe5 dxe5 13. Rf1 O-O 14. Qd2 c6 15. a3 a5 16. Ne2 Qb6 17. c3 Nb3 18. Bxb3 Qxb3 19. Rf5 Qe6 20.
Qg5 f6 21. Qh4 g6 22. Qg4 Kh8 23. Rf3 Qxg4 24. hxg4 b5 25. d4 Be7 26. a4 b4 27. c4 exd4 28. Nxd4 c5 29. Nb5 Rac8 30.
Rd1 Rfd8 31. Rfd3 Rxd3 32. Rxd3 Rd8 33. Rxd8+ Bxd8 34. Kf2 Kg8 35. Kf3 Kf7 36. b3 Ke6 37. Kf4 Bb6 38. Ke3 Ke5 39.
Kf3 Bd8 40. Ke3 f5 41. exf5 gxf5 42. gxf5 Kxf5 43. Kf3 h5 44. Nd6+ Ke6 45. Nb5 Ke5 46. Ke3 Bg5+ 47. Kf3 Bd8 48.
Ke3 Bg5+ 49. Kf3 Bd8 1/2-1/2

[Event "NJSK 2022 Jeugd C"]
[Site "Almelo, Netherlands"]
[Date "2022.05.07"]
[Round "9.7"]
[White "Kurt, Sascha"]
[Black "Venema, Maxime"]
[Result "1-0"]
[TimeControl "90min + 30sec/move"]
[WhiteElo "1834"]
[BlackElo "1614"]

1. e4 c5 2. Nf3 d6 3. d4 cxd4 4. Nxd4 Nf6 5. Nc3 a6 6. f4 e5 7. Nf3 Qc7 8. a4 Be7 9. Bd3 Be6 10.
O-O O-O 11. Kh1 Nbd7 12. Qe1 h6 13. fxe5 Nxe5 14. Nh4 Rac8 15. Nf5 Bxf5 16. Rxf5 Rfd8 17. Qg3 Ng6 18. h4 Kh7 19. h5 Ne5 20.
Nd5 Nxd5 21. exd5 Nxd3 22. Rxf7 Nf2+ 23. Rxf2 Bf6 24. Qg6+ Kh8 25. Bxh6 Qc4 26. Bg5 Bxg5 27. Qxg5 Qd4 28.
h6 Qxb2 29. Raf1 Qe5 30. Rf5 Qd4 31. Rf7 g6 32. Qe7 Qe5 33. Rh7+ Kg8 34. Qf7# 1-0

[Event "NJSK 2022 Jeugd C"]
[Site "Almelo, Netherlands"]
[Date "2022.05.07"]
[Round "9.8"]
[White "Terlouw, Wouter"]
[Black "Ponomarev, Ivan"]
[Result "1/2-1/2"]
[TimeControl "90min + 30sec/move"]
[WhiteElo "1578"]
[BlackElo "1744"]

1. d4 Nf6 2. c4 e6 3. Nf3 Bb4+ 4. Bd2 Bxd2+ 5. Qxd2 d5 6. Nc3 O-O 7. cxd5 exd5 8. e3 Bf5 9. Bd3 Bg6 10.
Ne5 Nbd7 11. Nxg6 hxg6 12. b4 Qe7 13. Rb1 Rae8 14. O-O Kh7 15. Qe2 Rh8 16. Qf3 c6 17. Ne2 Ne4 18. Bxe4 dxe4 19.
Qg3 g5 20. b5 c5 21. Nc3 cxd4 22. Nd5 Qe5 23. Nc7 Rc8 24. Qxe5 Nxe5 25. exd4 Rxc7 26. dxe5 Re8 27. b6 axb6 28.
Rxb6 Rxe5 29. Rfb1 Ree7 30. g4 f6 31. a4 Rc4 32. R6b4 Rxb4 33. Rxb4 g6 34. Rb5 Kg7 35. Kf1 Kf7 36.
Ke2 Ke6 37. Ke3 f5 38. Rb6+ Kf7 39. Rb5 f4+ 40. Ke2 e3 41. fxe3 Rxe3+ 42. Kf2 Ra3 43. Rxb7+ Kf6 44. Rb6+ Ke5 45.
Rb4 Ra2+ 46. Kg1 f3 47. h3 f2+ 48. Kf1 Kd5 49. a5 Rxa5 50. Kxf2 Ke5 51. Rb6 Ra2+ 1/2-1/2